 Dungeon Crawl Stone Soup version 0.29.1-12-g30fa7ad0bf (webtiles) character file.

Game seed: 14888684831615624836

65 EarthwalkerPL the Covered (level 3, 0/33 HPs)
             Began as a Minotaur Fighter on Dec 17, 2022.
             Killed from afar by Ijyb (24 damage)
             ... with a bolt of light
             ... on level 3 of the Dungeon.
             The game lasted 00:02:08 (1952 turns).

EarthwalkerPL the Covered (Minotaur Fighter)        Turns: 1952, Time: 00:02:08

Health: 0/33       AC:  7    Str: 22    XL:     3   Next: 94%
Magic:  2/2        EV:  9    Int:  5    God:
Gold:   107        SH:  0    Dex:  9    Spells: 2/2 levels left

rFire   . . .      SeeInvis .   a - +0 war axe
rCold   . . .      Faith    .   c - +0 buckler
rNeg    . . .      Spirit   .   b - +0 scale mail
rPois   .          Reflect  .   (helmet restricted)
rElec   .          Harm     .   (no cloak)
rCorr   .          Rampage  .   (no gloves)
Will    .....                   (no boots)
Stlth   ..........              (no amulet)
HPRegen 0.11/turn               (no ring)
MPRegen 0.08/turn               (no ring)

@: confused
A: horns 2, retaliatory headbutt
a: no special abilities


You were on level 3 of the Dungeon.
You visited 1 branch of the dungeon, and saw 3 of its levels.

You collected 107 gold pieces.

Inventory:

Hand Weapons
 a - a +0 war axe (weapon)
Missiles
 h - 3 silver javelins (quivered)
 j - 6 atropa-tipped darts
 n - 5 poisoned darts
Armour
 b - a +0 scale mail (worn)
 c - a +0 buckler (worn)
Jewellery
 l - a +6 ring of dexterity
 m - a ring of protection from cold
Scrolls
 g - a scroll of enchant armour {unknown}
 i - a scroll of poison {unknown}
 q - a scroll of vulnerability {unknown}
Potions
 d - 2 potions of might
 e - a potion of brilliance {unknown}
 f - a potion of curing {unknown}
 k - 2 potions of degeneration {unknown}
 o - a potion of flight {unknown}
 p - a potion of cancellation {unknown}


   Skills:
 * Level 4.2 Fighting
 * Level 3.3 Axes
 * Level 4.3 Armour
 * Level 4.3 Shields


You had 2 spell levels left.
You didn't know any spells.
Your spell library was empty.

Dungeon Overview and Level Annotations

Branches:
Dungeon (3/15)

Altars:
Gozag

Shops:
D:2 ?

Annotations:
D:3 Ijyb


Innate Abilities, Weirdness & Mutations

You have a pair of horns on your head.
You reflexively headbutt those who attack you in melee.


Message History

No target in view!
Found a stone staircase leading up.
Done exploring.
Done exploring.
There is a stone staircase leading down here.
You climb downwards.
The ball python hisses angrily.
There is a stone staircase leading up here.
A ball python is nearby!
Found an escape hatch in the floor.
You slash the ball python!
You kill the ball python!
No target in view!
No target in view!
You see here a ball python corpse.
You now have 107 gold pieces (gained 7).
You open the door.
There is an open door here.
Found a stone staircase leading down.
There is a stone staircase leading down here.
Found a stone staircase leading up.
A ball python comes into view.
You closely miss the ball python. Your headbutt misses the ball python.
The ball python closely misses you. You furiously retaliate!
You headbutt the ball python.
You kill the ball python!
No target in view!
No target in view!
You see here a ball python corpse.
Ijyb the Twisted Goblin comes into view.
She is wielding a +0 dagger and carrying a wand of light (10).
Found an opulent altar of Gozag.
Ijyb shouts!
No target in view!
Ijyb zaps a wand.
The bolt of light hits you!
You are confused.
You are too confused!
You're too confused to move!
Ijyb zaps a wand.
The bolt of light hits you!!
You are more confused.
Ouch! That really hurt!
You die...

### #.# #.... ######.#
#.... # ....##.# #... .#
.##.##.# +... ##.##
.......## #..# .....
##.##...##### #..#.8...8
.#.##.#.....# #..#......
.#.##.#####.###....g._..
.#....# #.†##.@#......
####..######...### 8...8
.........# ###.#### ....
.###.#.#.# #..#.###.##
.# #...#.# ###.......#
.#######'## #.........#
..........# #.........#
##........# #..........#
#........# #..........#


You could see Ijyb.

Vanquished Creatures
  An adder (D:2)
  5 dart slugs
  3 endoplasms
  3 giant cockroaches
  2 goblins (D:2)
  2 hobgoblins (D:1)
  4 jackals (D:2)
  4 quokkas
  9 ball pythons
  3 bats
  2 frilled lizards
  5 kobolds
  A rat (D:1)
44 creatures vanquished.

Notes
Turn   | Place    | Note
-------+----------+-------------------------------------------
     0 | D:1      | EarthwalkerPL the Minotaur Fighter began the quest for the
                  | Orb.
     0 | D:1      | Reached XP level 1. HP: 19/19 MP: 0/0
   270 | D:1      | Reached XP level 2. HP: 27/27 MP: 1/1
  1055 | D:2      | Reached XP level 3. HP: 31/33 MP: 2/2
  1427 | D:2      | Found Imiefah's Magic Scroll Emporium.
  1675 | D:2      | Found a faded altar of an unknown god.
  1948 | D:3      | Found an opulent altar of Gozag.
  1948 | D:3      | Noticed Ijyb
  1952 | D:3      | Killed from afar by Ijyb

Illustrated notes

Levels and vault maps discovered:
D:1:      dpeg_arrival_houses_and_road, layout_loops_ring, serial_forest,
          infiniplex_forest_clump_small, infiniplex_forest_corner_1,
          infiniplex_forest_straight_3, infiniplex_forest_join,
          infiniplex_forest_lined_room_, infiniplex_forest_zigzag_2,
          infiniplex_forest_zigzag_2, infiniplex_forest_zigzag_1,
          infiniplex_forest_straight_2, infiniplex_forest_zigzag_1
D:2:      layout_loops_ring, serial_shops, nicolae_shop_crystal,
          hellmonk_ecumenical_altar_inner_sanctum
D:3:      layout_basic, grunt_gozag_statues, uniq_ijyb, uniq_sigmund

Skill      XL: |  1  2 |
---------------+-------+-----
Fighting       | 4 |  4.2
Armour         | 4 |  4.3
Shields        | 4 |  4.3
Axes           | 3 |  3.3

Action                   || total
-------------------------++-------
Melee: War axe           ||    84
       Headbutt          ||    16
Armor: Scale mail        ||    40
Dodge: Dodged            ||    30
Block: Buckler           ||    11
